 Dungeon Crawl Stone Soup version 0.27.1-33-g824d729ab1 (webtiles) character file.

Game seed: 18199510705784623036

12871 zeram the Spear-Bearer (level 12, -7/72 HPs)
             Began as an Octopode Fighter on Nov 28, 2021.
             Was an Initiate of Gozag.
             Mangled by an orc warlord (29 damage)
             ... on level 1 of the Orcish Mines.
             The game lasted 00:28:10 (17216 turns).

zeram the Spear-Bearer (Octopode Fighter)          Turns: 17216, Time: 00:28:10

Health: -7/72      AC:  3    Str: 22    XL:     12   Next: 0%
Magic:  12/12      EV: 20    Int: 21    God:    Gozag
Gold:   1829       SH:  8    Dex: 11    Spells: 11/11 levels left

rFire    . . .     SeeInvis .   c - +2 demon trident (vamp)
rCold    . . .     Faith    .   i - +3 buckler {reflect}
rNeg     . . .     Spirit   .   o - +2 hat
rPois    +         Reflect  +   (no amulet)
rElec    .         Harm     .   j - +6 ring of intelligence
rCorr    .         Rampage  .   p - +4 ring of evasion
Will     .....                  w - +6 ring of strength
Stlth    ++........             n - ring of poison resistance
HPRegen  0.22/turn              (no ring)
MPRegen  0.13/turn              (no ring)
                                (no ring)
                                (no ring)

@: no status effects
A: almost no armour, amphibious, 8 rings, camouflage 1, gelatinous body 1,
(nimble swimmer 1), tentacles
a: Renounce Religion, Potion Petition, Call Merchant, Bribe Branch


You were on level 1 of the Orcish Mines.
You worshipped Gozag.
Gozag was most pleased with you.
You visited 3 branches of the dungeon, and saw 13 of its levels.

You collected 2446 gold pieces.
You spent 564 gold pieces at shops.
You paid 53 gold pieces to Gozag.

Inventory:

Hand Weapons
 c - a +2 vampiric demon trident (weapon)
 k - a +1 demon whip of venom
Missiles
 t - 2 curare-tipped darts
 v - 8 poisoned darts (quivered)
Armour
 b - a +1 kite shield
 i - a +3 buckler of reflection (worn)
 o - a +2 hat (worn)
Jewellery
 j - a +6 ring of intelligence (left tentacle)
 n - a ring of poison resistance (on tentacle)
 p - a +4 ring of evasion (right tentacle)
 w - a +6 ring of strength (on tentacle)
Wands
 u - a wand of paralysis (12)
Scrolls
 s - a scroll of amnesia
Potions
 f - 3 potions of flight
 m - a potion of cancellation
 z - a potion of mutation


   Skills:
 - Level 3.0 Fighting
 - Level 10.0(11.8) Axes
 + Level 10.6(12.1) Polearms
 * Level 10.2 Dodging
 - Level 8.1 Shields


You had 11 spell levels left.
You didn't know any spells.
Your spell library contained the following spells:

 Spells                   Type           Power      Damage    Failure   Level
 Magic Dart               Conj           0%         1d3       19%         1
 Shock                    Conj/Air       0%         1d3       19%         1
 Searing Ray              Conj           0%         3d3       26%         2
 Conjure Flame            Conj/Fire      0%         6-21      47%         3
 Ignite Poison            Fire/Tmut/Pois 0%         N/A       47%         3
 Swiftness                Air            0%         N/A       47%         3
 Airstrike                Air            0%         N/A       87%         4
 Fulminant Prism          Conj/Hex       0%         3d6       87%         4
 Sticky Flame             Conj/Fire      0%         2d3       87%         4


Dungeon Overview and Level Annotations

Branches:
Dungeon (10/15)            Temple (1/1) D:7            Lair (0/6) D:8
    Orc (2/2) D:9
    Elf: Orc:2

Altars:
Ashenzari
Dithmenos
Elyvilon
Fedhas
Gozag
Hepliaklqana
Kikubaaqudgha
Makhleb
Nemelex Xobeh
Okawaru
Qazlal
Ru
Sif Muna
Trog
Uskayaw
Vehumet
Wu Jian
Xom
Yredelemnul
Zin
The Shining One
Beogh

Shops:
D:3 :   D:4 (   D:5 *   Orc:2 **(

Annotations:
Orc:2 3 runed translucent doors, exclusion: obsidian statue, bnorton916's ghost, journeyman DECj


Innate Abilities, Weirdness & Mutations

You cannot wear most types of armour.
You are amphibious.
You can wear up to eight rings at the same time.
Your skin changes colour to match your surroundings (Stealth+).
Your rubbery body absorbs attacks. (AC +1, EV +1)
((You are camouflaged near water. (Stealth+)))
You have tentacles for arms and can constrict up to eight enemies at once.


Message History

You constrict the orc warlord. The orc warlord barely misses you.
You hit the orc warlord.
You squeeze the orc warlord, but do no damage.
The orc warlord is moderately wounded.
You constrict the orc warlord, but do no damage.
You hit the orc warlord.
You squeeze the orc warlord, but do no damage.
The orc warlord is moderately wounded.
You constrict the orc warlord, but do no damage.
You block the orc warlord's attack.
You hit the orc warlord but do no damage.
You squeeze the orc warlord!
The orc warlord is moderately wounded.
You constrict the orc warlord.
The orc warlord hits you with a +3 battleaxe of electrocution!!
You hit the orc warlord but do no damage.
The orc warlord is moderately wounded.
You constrict the orc warlord, but do no damage.
You puncture the orc warlord!
The orc warlord is heavily wounded.
You constrict the orc warlord. You block the orc warlord's attack.
You hit the orc warlord but do no damage.
You squeeze the orc warlord.
The orc warlord is heavily wounded.
You constrict the orc warlord. The orc warlord barely misses you.
You puncture the orc warlord!
You feel better.
You squeeze the orc warlord.
The orc warlord is severely wounded.
You constrict the orc warlord.
You hit the orc warlord but do no damage.
The orc warlord is severely wounded.
You constrict the orc warlord.
The orc warlord hits you with a +3 battleaxe of electrocution!!!
Ouch! That really hurt!
Okay, then.
You puncture the orc warlord!
The orc warlord is almost dead.
You constrict the orc warlord, but do no damage.
The orc warlord hits you with a +3 battleaxe of electrocution!!
You die...
Your body crumbles into a pile of gold.

.....#.#######.##
....##)##.##....#
....#.[(...)...##
.....#[........# ###
....####.##....####.##
#.###.#####.....##...####
####...####..)...#...##.##
##..#.###...))[.......##
#......#.#..)@[........#
##.....)....[[o._.....##
#...............)...###
##.#................##
##.#................#
#...................#
##..................##
###.....#...........#
##....#....#.)....##


You could see an orc warlord.

Vanquished Creatures
  2 two-headed ogres
  2 orc knights (Orc:1)
  Pikel (D:5)
  An orc sorcerer (Orc:1)
  Psyche (D:8)
  Maggie (D:8)
  A kobold demonologist (D:9)
  3 trolls
  Prince Ribbit (D:5)
  2 hornets
  A wraith (D:9)
  8 yaks
  Edmund (D:4)
  Duvessa (D:7)
  2 water moccasins
  17 orc warriors
  2 sky beasts (D:5)
  4 ice beasts
  A necrophage (D:6)
  12 ogres
  3 centaurs
  A lemure (D:5)
  A phantom (D:6)
  2 kobold brigands (D:9)
  2 gnoll sergeants (D:9)
  2 scorpions (D:5)
  A bullfrog (D:7)
  Dowan (D:7)
  9 wights
  2 howler monkeys (D:7)
  A centaur zombie (D:7)
  A jelly (D:6)
  Crazy Yiuf (D:2)
  A gnoll shaman (D:7)
  12 orc priests
  4 hounds
  Jessica (D:2)
  2 iguanas
  15 orc wizards
  A howler monkey zombie (D:9)
  Robin (D:1)
  4 adders
  11 gnolls
  3 howler monkey skeletons
  2 shadow imps
  2 ufetubi (D:6)
  11 dart slugs
  71 orcs
  4 endoplasms
  3 giant cockroaches
  11 hobgoblins
  4 quokkas
  4 ball pythons
  6 bats
  8 frilled lizards
  11 goblins
  2 kobolds
  8 rats
293 creatures vanquished.

Vanquished Creatures (others)
  A kobold brigand (D:9)
1 creature vanquished.

Grand Total: 294 creatures vanquished

Notes
Turn   | Place    | Note
-------+----------+-------------------------------------------
     0 | D:1      | zeram the Octopode Fighter began the quest for the Orb.
     0 | D:1      | Reached XP level 1. HP: 16/16 MP: 1/1
   115 | D:1      | Reached XP level 2. HP: 7/21 MP: 2/2
   115 | D:1      | HP: 1/21 [gnoll (7)]
   117 | D:1      | Reached XP level 3. HP: 1/26 MP: 3/3
   768 | D:1      | Found a faded altar of an unknown god.
  1054 | D:2      | Noticed Jessica
  1059 | D:2      | Killed Jessica
  1060 | D:2      | Reached XP level 4. HP: 21/31 MP: 4/4
  1061 | D:2      | Noticed Robin
  1334 | D:1      | Killed Robin
  1733 | D:2      | You fall into a shaft and drop 1 floor!
  1743 | D:3      | Found Ejos's Book Shop.
  2041 | D:3      | Reached XP level 5. HP: 29/36 MP: 5/5
  2487 | D:2      | Found a runed translucent door.
  2488 | D:2      | Noticed Crazy Yiuf
  2765 | D:2      | Killed Crazy Yiuf
  2953 | D:3      | Reached XP level 6. HP: 25/42 MP: 6/6
  3485 | D:4      | Found a shimmering altar of Xom.
  3705 | D:4      | Found an opulent altar of Gozag.
  3708 | D:4      | Became a worshipper of Gozag Ym Sagoz the Greedy
  3975 | D:4      | Found a basalt altar of Yredelemnul.
  4005 | D:4      | Noticed Edmund
  4019 | D:4      | Killed Edmund
  4020 | D:4      | Reached skill level 5 in Axes
  4188 | D:4      | Found Perphex's Weapon Emporium.
  4198 | D:4      | Reached XP level 7. HP: 46/46 MP: 7/7
  4494 | D:5      | Entered Level 5 of the Dungeon
  4553 | D:5      | Identified the +8 chain mail of Boifiyja {rF+ rN+ Will+
                  | Int+3}
  4641 | D:5      | Found Nailel's CLEARANCE SALE! EVERYTHING MUST GO!.
  4664 | D:5      | Reached skill level 5 in Shields
  4841 | D:5      | Noticed Pikel
  4911 | D:6      | Reached XP level 8. HP: 26/52 MP: 8/8
  5306 | D:5      | Reached skill level 5 in Dodging
  5563 | D:5      | Noticed Prince Ribbit
  5579 | D:5      | Killed Prince Ribbit
  5815 | D:5      | Killed Pikel
  5816 | D:5      | Reached XP level 9. HP: 40/56 MP: 9/9
  7846 | D:6      | Reached skill level 10 in Axes
  8549 | D:4      | Bought a +0 vampiric demon trident for 564 gold pieces
  8730 | D:7      | Reached skill level 1 in Polearms
  8929 | D:7      | Noticed Dowan
  8930 | D:7      | Noticed Duvessa
  8947 | D:7      | Killed Duvessa
  8953 | D:7      | Reached XP level 10. HP: 42/63 MP: 10/10
  9350 | D:7      | Killed Dowan
 10095 | D:7      | Found a staircase to the Ecumenical Temple.
 10104 | Temple   | Entered the Ecumenical Temple
 10251 | D:8      | Found a radiant altar of Vehumet.
 10264 | D:8      | Noticed Psyche
 10273 | D:8      | Killed Psyche
 10468 | D:8      | Noticed Maggie
 10477 | D:8      | Killed Maggie
 10759 | D:8      | Identified a scroll of acquirement
 10759 | D:8      | Acquired a +0 buckler of reflection
 10828 | D:8      | Reached skill level 5 in Polearms
 11498 | D:8      | Found a staircase to the Lair.
 11753 | D:9      | Found a sacrificial altar of Ru.
 11754 | D:9      | Found a hide-covered altar of Uskayaw.
 11754 | D:9      | Found a shimmering blue altar of Sif Muna.
 11755 | D:9      | Found a white marble altar of Elyvilon.
 11800 | D:9      | Noticed a kobold demonologist
 12286 | D:9      | Found a staircase to the Orcish Mines.
 12317 | D:9      | Reached XP level 11. HP: 67/67 MP: 11/11
 12769 | D:10     | Entered Level 10 of the Dungeon
 12801 | Orc:1    | Entered Level 1 of the Orcish Mines
 12841 | Orc:1    | Noticed an orc sorcerer
 13101 | Orc:1    | Killed an orc sorcerer
 13685 | Orc:2    | Entered Level 2 of the Orcish Mines
 13685 | Orc:2    | Noticed a two-headed ogre
 13692 | Orc:2    | Killed a two-headed ogre
 14147 | Orc:2    | Noticed a two-headed ogre
 14429 | Orc:2    | Found a runed translucent gate.
 14430 | Orc:2    | Found a runed translucent gate.
 14431 | Orc:2    | Found a runed translucent gate.
 14432 | Orc:2    | Found an opulent altar of Gozag.
 14433 | Orc:2    | Noticed bnorton916's ghost (journeyman DECj)
 14433 | Orc:2    | Noticed an obsidian statue
 14434 | Orc:2    | Found Pararygo's Assorted Antiques.
 14790 | Orc:2    | Found Varunot's Weapon Boutique.
 14841 | Orc:2    | Found Iraeran's Assorted Antiques.
 14881 | Orc:2    | HP: 1/67 [orc warrior (21)]
 15686 | Orc:1    | Killed a two-headed ogre
 15687 | Orc:1    | Reached skill level 10 in Polearms
 15749 | Orc:2    | Noticed an orc knight
 16212 | Orc:1    | Killed an orc knight
 16264 | Orc:1    | Reached skill level 10 in Dodging
 16701 | Orc:2    | Noticed an orc knight
 16828 | Orc:1    | Killed an orc knight
 17006 | Orc:2    | Noticed an orc warlord
 17184 | Orc:1    | Reached XP level 12. HP: 72/72 MP: 12/12
 17216 | Orc:1    | Mangled by an orc warlord

Illustrated notes

Levels and vault maps discovered:
D:1:      heliophobic_arrival_battle_scene, layout_loops_ring,
          ebering_ecumenical_altar_hall, serial_aquarium,
          aquarium_bridge_straight [aquarium_subvault_bridge,
          aquarium_subvault_wall, aquarium_subvault_bridge,
          aquarium_subvault_wall], aquarium_window_double, aquarium_window_fake,
          aquarium_window_fake, aquarium_view_2c, aquarium_view_2b,
          aquarium_pool_2
D:2:      layout_rooms, minmay_crystal_room, minmay_lizard_pond, uniq_jessica,
          uniq_robin, uniq_crazy_yiuf_cottage
D:3:      kennysheep_slugbush, layout_basic, serial_shops, shop
D:4:      layout_loops_corners, yredelemnul_altar_generic, kennysheep_mini,
          xom_teletrap_fun, serial_shops, nicolae_shop_crystal, uniq_edmund
D:5:      layout_loops_corners, nicolae_shop_clearance, uniq_prince_ribbit1,
          uniq_pikel
D:6:      layout_layer_cave
D:7:      layout_basic, minmay_temple_entry_fiery, kennysheep_minor_cross,
          moated_statue, uniq_duvessa
D:8:      layout_gridville, mainiacjoe_overflow_concentric_impassable,
          lair_entry_dummy, uniq_psyche, uniq_maggie
D:9:      layout_loops_ring, chequers_temple_overflow_statue_of_worship,
          kennysheep_orc_monster_closet_entryway, enter_bailey_7
D:10:     layout_roguey, old_standard_altar, serial_shops, nicolae_shop_stone,
          uniq_joseph
Temple:   nicolae_temple_god_jail
Orc:1:    layout_caves, basic_altar, lightli_orcish_oven
Orc:2:    grunt_orc_community_town_hall, layout_caves,
          grunt_orc_community_big_house_1, grunt_orc_community_big_house_1,
          grunt_orc_community_house_1, grunt_orc_community_house_1,
          grunt_orc_community_house_2, grunt_orc_community_house_3,
          grunt_orc_community_house_2, grunt_orc_community_house_3,
          ebering_ghost_gozag, serial_shops, nicolae_diamond_shop,
          nicolae_orc_lava_room, uniq_donald

Skill      XL: |  1  2  3  4  5  6  7  8  9 10 11 |
---------------+----------------------------------+-----
Shields        | 4 5 6 7 8 |  8.1
Axes           | 3 4 5 6 8 10 | 10.0
Dodging        | 4 5 7 8 10 | 10.2
Polearms       | 2 7 10 | 10.6
Fighting       | |  3.0

Action                   |  1- 3 |  4- 6 |  7- 9 | 10-12 || total
-------------------------+-------+-------+-------+-------++-------
Melee: War axe           |    30 |   111 |   162 |       ||   303
       Constrict         |     8 |    36 |    35 |    72 ||   151
       Tentacles         |     4 |    19 |    58 |   104 ||   185
       Demon trident     |       |       |    38 |   560 ||   598
Throw: Dart              |       |       |       |     5 ||     5
  Use: Potion            |     1 |     3 |     5 |    10 ||    19
       Scroll            |       |     9 |     6 |    19 ||    34
 Stab: Sleeping          |     1 |    10 |     3 |     3 ||    17
       Distracted        |       |       |     1 |       ||     1
       Invisible         |       |       |       |     1 ||     1
Armor: Skin              |     5 |    11 |    20 |    21 ||    57
Dodge: Dodged            |    25 |    40 |   121 |   307 ||   493
Block: Kite shield       |    15 |    55 |   107 |    47 ||   224
       Buckler           |       |       |       |   137 ||   137
       Reflection        |       |       |       |     4 ||     4
